 Dungeon Crawl Stone Soup version 0.20.0-15-g7f486f2 (webtiles) character file.

153 Lavandula the Chiller (level 5, -1/28 HPs)
             Began as a Deep Elf Ice Elementalist on June 10, 2017.
             Slain by Grinder (5 damage)
             ... while paralysed by Grinder
             ... on level 3 of the Dungeon.
             The game lasted 00:08:50 (3286 turns).

Lavandula the Chiller (Deep Elf Ice Elementalist)   Turns: 3286, Time: 00:08:50

Health: -1/28      AC:  2    Str:  5    XL:     5   Next: 12%
Magic:  1/13       EV:  2    Int: 21    God:
Gold:   125        SH:  0    Dex: 15    Spells: 2/12 levels left

rFire    . . .     SeeInvis +   k - +0 dagger
rCold    . . .     Gourm    .   e - +2 buckler
rNeg     . . .     Faith    .   a - +0 robe
rPois    .         Spirit   .   (no helmet)
rElec    .         Reflect  .   (no cloak)
rCorr    .         Harm     .   (no gloves)
MR       .....                  (no boots)
Stlth    ++........             (no amulet)
Regen    0.1/turn               l - ring of see invisible
MPRegen  0.2/turn               d - ring of flight

@: paralysed, very slightly contaminated
A: no striking features
a: Evoke Flight


You were on level 3 of the Dungeon.
You were not hungry.

You visited 1 branch of the dungeon, and saw 3 of its levels.

You collected 125 gold pieces.

Inventory:

Hand Weapons
 g - a +0 short sword
 k - a +0 dagger (weapon)
Missiles
 f - 8 javelins (quivered)
Armour
 a - a +0 robe (worn)
 e - a +2 buckler (worn)
Jewellery
 d - a ring of flight (right hand)
 l - a ring of see invisible (left hand)
Scrolls
 h - 3 scrolls of teleportation {unknown}
 j - a scroll of amnesia {unknown}
 m - a scroll of identify {unknown}
 n - a scroll of remove curse {unknown}
 p - a scroll of fear {unknown}
 s - a scroll of magic mapping {unknown}
Potions
 i - a potion of mutation {unknown}
 o - a potion of brilliance {unknown}
 q - 2 potions of berserk rage {unknown}
 r - 2 potions of lignification {unknown}
Books
 b - a book of Frost

   Spells                             Type                      Level
   a - Freeze                         Ice                          1
   b - Throw Frost                    Conjuration/Ice              2
   c - Ozocubu's Armour               Charms/Ice                   3
   d - Throw Icicle                   Conjuration/Ice              4
   e - Summon Ice Beast               Ice/Summoning                4
Comestibles
 c - 2 bread rations


   Skills:
 - Level 2.4 Dodging
 - Level 2.4 Stealth
 - Level 2.5 Shields
 + Level 4.4 Spellcasting
 - Level 1.1 Conjurations
 - Level 4.4 Ice Magic


You had 2 spell levels left.
You knew the following spells:

 Your Spells              Type           Power        Failure   Level  Hunger
a - Freeze                Ice            ###.         2%          1    None
b - Throw Frost           Conj/Ice       ###...       7%          2    #......
c - Ozocubu's Armour      Chrm/Ice       ##......     16%         3    ##.....
d - Summon Ice Beast      Ice/Summ       ##......     47%         4    ####...


Dungeon Overview and Level Annotations

Branches:
Dungeon (3/15)

Altars:
Makhleb
Qazlal
The Shining One

Annotations:
D:3 Grinder


Message History

Casting: Freeze
Confirm with . or Enter, or press ? or * to list all spells.
Aiming: Freeze
Press: ? - help, Shift-Dir - straight line, f - Grinder
Aim: Grinder (lightly wounded)
You freeze Grinder.
Grinder resists.
Grinder is lightly wounded.
The dart slug launches a dart at you. The slug dart misses you.
The slug dart hits Grinder.
Grinder hits you!
You writhe in agony.
Unknown command.
You hit Grinder.
Grinder is moderately wounded.
Grinder gestures at you.
You suddenly lose the ability to move!
Grinder says, "There's only one good use for a tongue: cutting it out."
Grinder hits you.
You writhe in agony.
* * * LOW HITPOINT WARNING * * *
Grinder hits you.
You die...

#$##...######
#...........###
#..#...........
#..##..%....(..
#..####.###.###
#..####.###.#
..........#.##
.##5######...[#
#@# ##.#.#.#
#w# #..#.##.#
#.# #........
#.#####.##.##.#
#.w...w....#
#########...#
####


You could see Grinder, a worm and a dart slug.

Vanquished Creatures
  2 adders (D:2)
  4 gnolls
  A worm (D:2)
  3 dart slugs
  7 leopard geckos
  3 orcs (D:3)
  A ball python (D:1)
  A giant cockroach (D:1)
  6 goblins
  10 hobgoblins
  7 jackals
  9 kobolds
  A quokka (D:3)
  11 bats
  2 frilled lizards (D:1)
  7 rats
75 creatures vanquished.

Notes
Turn   | Place    | Note
-------+----------+-------------------------------------------
     0 | D:1      | Lavandula the Deep Elf Ice Elementalist began the quest for the Orb.
     0 | D:1      | Reached XP level 1. HP: 10/10 MP: 6/6
   294 | D:1      | Reached XP level 2. HP: 15/15 MP: 6/8
   298 | D:1      | Learned a level 2 spell: Throw Frost
   912 | D:1      | Reached XP level 3. HP: 19/19 MP: 6/10
  1027 | D:1      | Reached skill level 1 in Shields
  1259 | D:2      | Learned a level 3 spell: Ozocubu's Armour
  1467 | D:2      | Reached XP level 4. HP: 20/24 MP: 1/12
  1551 | D:2      | Learned a level 4 spell: Summon Ice Beast
  2144 | D:2      | Found a burning altar of Makhleb.
  2184 | D:2      | Found a glowing golden altar of the Shining One.
  2700 | D:2      | Found a stormy altar of Qazlal.
  2990 | D:3      | Reached XP level 5. HP: 28/28 MP: 8/13
  3248 | D:3      | Noticed Grinder
  3284 | D:3      | Paralysed by Grinder for 3 turns
  3286 | D:3      | Slain by Grinder

Skill      XL: |  1  2  3  4 |
---------------+-------------+-----
Ice Magic      | 4 |  4.4
Spellcasting   | 4 |  4.4
Shields        | 1 2 |  2.5
Dodging        | |  2.4
Stealth        | |  2.4
Conjurations   | |  1.1

Action                   |  1- 3 |  4- 6 || total
-------------------------+-------+-------++-------
Melee: Dagger            |       |     8 ||     8
 Cast: Freeze            |    30 |    22 ||    52
       Throw Frost       |    39 |    34 ||    73
       Ozocubu's Armour  |       |     1 ||     1
       Summon Ice Beast  |       |     1 ||     1
  Eat: Chunk             |     3 |     1 ||     4
       Meat ration       |       |     1 ||     1
Armor: Robe              |     1 |     4 ||     5
Dodge: Dodged            |     9 |    20 ||    29
Block: Buckler           |     4 |     2 ||     6
